 Dungeon Crawl Stone Soup version 0.28.0 (webtiles) character file.

Game seed: 2819593469284474970

39 Panth the Skirmisher (level 3, -3/33 HPs)
             Began as a Hill Orc Fighter on Feb 16, 2022.
             Was an Initiate of Vehumet.
             Slain by a gnoll (4 damage)
             ... on level 2 of the Dungeon.
             The game lasted 00:05:07 (389 turns).

Panth the Skirmisher (Hill Orc Fighter)              Turns: 389, Time: 00:05:07

Health: -3/33      AC:  7    Str: 20    XL:     3   Next: 47%
Magic:  3/3        EV:  9    Int:  8    God:    Vehumet [......]
Gold:   42         SH:  4    Dex: 10    Spells: 2/2 levels left

rFire   . . .      SeeInvis .   a - +0 war axe
rCold   . . .      Faith    .   c - +0 buckler
rNeg    . . .      Spirit   .   b - +0 scale mail
rPois   .          Reflect  .   (no helmet)
rElec   .          Harm     .   (no cloak)
rCorr   .          Rampage  .   (no gloves)
Will    .....                   (no boots)
Stlth   ..........              (no amulet)
HPRegen 0.11/turn               (no ring)
MPRegen 0.08/turn               (no ring)

@: no status effects
A: no striking features
a: Renounce Religion


You were on level 2 of the Dungeon.
You worshipped Vehumet.
Vehumet was noncommittal.
You visited 1 branch of the dungeon, and saw 2 of its levels.

You collected 42 gold pieces.

Inventory:

Hand Weapons
 a - a +0 war axe (weapon)
Armour
 b - a +0 scale mail (worn)
 c - a +0 buckler (worn)
Potions
 d - a potion of might
 e - a potion of haste {unknown}
 f - a potion of curing {unknown}
 g - a potion of berserk rage


   Skills:
 + Level 4.1 Fighting
 + Level 3.5 Axes
 + Level 3.8 Armour
 + Level 3.5 Shields


You had 2 spell levels left.
You didn't know any spells.
Your spell library contained the following spells:

 Spells                   Type           Power      Damage    Failure   Level
 Dazzling Flash           Conj/Hex       0%         N/A       99%         3
 Iskenderun's Mystic Bla  Conj/Tloc      0%         2d3       100%        4
 Starburst                Conj/Fire      0%         6d3       100%        6


Dungeon Overview and Level Annotations

Branches:
Dungeon (2/15)

Altars:
Vehumet


Message History

You hear a shout!
There is an open door here.
A gnoll comes into view. It is wielding a +0 flail.
Found 27 gold pieces.
The gnoll shouts!
A gnoll comes into view. It is wielding a +0 spear.
A rat comes into view.
The gnoll hits you but does no damage.
You hit the gnoll.
The gnoll is lightly wounded.
You barely miss the gnoll. You block the gnoll's attack.
The gnoll hits you but does no damage. You block the gnoll's attack.
As you read the scroll labelled YTOXOT FOSM, it crumbles to dust.
It is a scroll of identify.
g - a potion of berserk rage The gnoll closely misses you.
The hobgoblin closely misses you. The gnoll hits you with a +0 flail!
Unknown command.
The gnoll hits you with a +0 flail! The hobgoblin hits you.
* * * LOW HITPOINT WARNING * * *
The gnoll closely misses you.
Okay, then.
You slash the hobgoblin!
You kill the hobgoblin!
Vehumet accepts your kill.
You closely miss the gnoll. You hit the gnoll. You block the gnoll's attack.
The gnoll barely misses you. The gnoll closely misses you. x2
The rat barely misses you.
The gnoll hits you from afar with a +0 spear.
* * * LOW HITPOINT WARNING * * *
You hit the gnoll.
The gnoll is heavily wounded.
You hit the rat but do no damage. You hit the gnoll.
The gnoll barely misses you. The gnoll hits you but does no damage.
The rat bites you.
* * * LOW HITPOINT WARNING * * *
The gnoll hits you from afar with a +0 spear.
* * * LOW HITPOINT WARNING * * *
The gnoll hits you with a +0 flail.
You die...

#.##..#..........)
#.....#....##..... ..#..
#.###............ ....#
..# #.####..#.#.# #...#
..# #.####..# .. ...# #
..###.......######...##..
.......# #.#..........#
###########+#.#.$r.....##
.....# ........@g......#.
.....# ......#'#gg......
.....# .....##)##...$.##
.....# .$..##...##......
###### #####.....##.#...
....#####..'...♣...'.# ##
.#.........###...#####
.##..####### #...# .# .#
#.>.#


You could see 3 gnolls and a rat.

Vanquished Creatures
  A gnoll (D:2)
  An adder (D:2)
  3 bats
  2 giant cockroaches
  3 goblins
  2 hobgoblins (D:2)
  3 jackals (D:1)
  2 ball pythons
  A kobold (D:2)
  2 rats (D:1)
20 creatures vanquished.

Notes
Turn   | Place    | Note
-------+----------+-------------------------------------------
     0 | D:1      | Panth the Hill Orc Fighter began the quest for the Orb.
     0 | D:1      | Reached XP level 1. HP: 19/19 MP: 1/1
    91 | D:1      | Reached XP level 2. HP: 26/27 MP: 2/2
   101 | D:1      | You fall into a shaft and drop 1 floor!
   101 | D:2      | Found a radiant altar of Vehumet.
   113 | D:2      | Reached skill level 4 in Fighting
   121 | D:2      | Became a worshipper of Vehumet
   261 | D:2      | Reached XP level 3. HP: 30/33 MP: 3/3
   389 | D:2      | HP: 1/33 [gnoll (6)]
   389 | D:2      | Slain by a gnoll

Illustrated notes

Levels and vault maps discovered:
D:1:      amcnicky_arrival_wind_blow, layout_basic, item_on_display_a
D:2:      layout_basic, basic_altar, grunt_ministairs_15, minmay_pentomino_pile

Skill      XL: |  1  2 |
---------------+-------+-----
Fighting       | 4 |  4.1
Axes           | 3 |  3.5
Armour         | |  3.8
Shields        | |  3.5

Action                   || total
-------------------------++-------
Melee: War axe           ||    53
  Use: Scroll            ||     1
Armor: Scale mail        ||    45
Dodge: Dodged            ||    38
Block: Buckler           ||    16
